Workbook

Sheet 1 Oper Budget Approp
A1: BRIDGEPORT PUBLIC SCHOOLS
A2: OPERATING BUDGET APPROPRIATION
A4: Year | C4: Description | G4: Amount | I4: Amount | L4: Amount
A5: FY 12 | C5: Budget Appropriation | L5: 215843895
C7: City Contribution | G7: 51648551 | M7: =G7/$L$5 -> 0.2392866
C9: FY12 State ECS | G9: 164195344 | M9: =G9/$L$5 -> 0.7607134
A12: FY 13 | C12: Budget Appropriation | L12: =224218122+16502 -> 224234624
C14: City Contribution | G14: 55635053 | M14: =G14/$L$12 -> 0.24811089
C15: ……Amount of Increase | E15: [State Mandate = $3,649,575] | I15: =G14-G7 -> 3986502 | K15: =I15/G7 -> 0.077185166 | L15: Increase
C17: FY13 State ECS | G17: 164195344 | M17: =F19/$L$12 -> 0.75188911
C18: FY13 State ALLIANCE/ECS | G18: 4404227
D19: STATE TOTAL = | F19: =SUM(G17:G18) -> 168599571
C20: ……Amount of Increase | I20: =F19-G9 -> 4404227 | K20: =I20/G9 -> 0.026823093 | L20: Increase | O20: =I20 -> 4404227 | P20: Alliance/ECS grant
C21: FY13 compared to FY12 | K21: Amount/Percentage of Increase: | O21: =L12-L5 -> 8390729 | P21: =O21/L5 -> 0.038874062
A24: FY 14 | C24: BUDGET APPROPRIATION | L24: =L12+I26+I32 -> 232641042
C25: City Contribution | G25: =G14+I26 -> 58916756 | H25: * | M25: =G25/$L$24 -> 0.25325177
C26: ……Amount of Increase | I26: 3281703 | K26: =I26/G14 -> 0.058986247 | L26: Increase
C27: ……* BOE expenditures for Crossing Guards/Snow Removal/Garbage Collection were moved to the City budget (2011-12). | M27: 1212273
C28: ……* The City committed $1,019,400 by reducing the BOE's contribution for Worker's Compensation. | L28: To be continued in future years.
C29: FY14 State ECS | G29: 164195344 | M29: =F31/L24 -> 0.74674823
C30: FY14 State ALLIANCE/ECS | G30: 9528942
D31: STATE TOTAL = | F31: =SUM(G29:G30) -> 173724286
C32: ……Amount of Increase | I32: =F31-F19 -> 5124715 | K32: =I32/F19 -> 0.030395777 | L32: Increase | O32: 9528942 | P32: Alliance/ECS grant
C34: FY14 compared to FY13 | K34: Amount/Percentage of Increase: | O34: =L24-L12 -> 8406418 | P34: =O34/L12 -> 0.037489384
C36: MBR | H36: Amount in Operating Budget = | L36: -1078805 | M36: ..Adjusted Credit in MBR for "Moved Services"
C37: 1200000 | D37: State Grant to the City, for appropriation in the City Share. | L37: -1019400 | M37: ..Internal adjustment: releases $1M from workers compensation
C38: 1019400 | D38: W/C Reduction - Internal Adjustment | L38: =-O32 -> -9528942 | M38: ..State Alliance Grant
C39: 1062303 | D39: Adjusted Credit, "Moved Services" | L39: =SUM(L24,L36:L38) -> 221013895 | M39: ..CASH AMOUNT IN MUNIS
C40: =SUM(C37:C39) -> 3281703 | D40: TOTAL
C41: =219830397-219813895 -> 16502 | D41: MBR Shortage: FY 13 Appropriation - FY 14 Budget | L41: =L39+O32 -> 230542837 | M41: …BUDGET PLAN, WITH ALLIANCE
C42: =SUM(C40:C41) -> 3298205
A45: FY 15 | C45: BUDGET APPROPRIATION | L45: =SUM(G46+F51) -> 239526866
C46: City Contribution | G46: =G25+1693460+16502 -> 60626718 | M46: =G46/$L$24 -> 0.26060199
C47: ……Amount of Increase | I47: 1693460 | K47: =I47/G25 -> 0.028743266 | L47: Increase
C49: FY15 State ECS | G49: 164195344 | M49: =F51/L45 -> 0.7468897
C50: FY15 State ALLIANCE/ECS | G50: 14704804
D51: STATE TOTAL = | F51: =SUM(G49:G50) -> 178900148
C52: ……Amount of Increase | I52: =4284548+891314 -> 5175862 | K52: =I52/F31 -> 0.029793543 | L52: Increase | O52: 14704804 | P52: Alliance/ECS grant
C54: FY15 compared to FY14 | K54: Amount/Percentage of Increase: | O54: =L45-L24 -> 6885824 | P54: =O54/L24 -> 0.029598492
C56: MBR | H56: Amount in Operating Budget = | L56: -1078805 | M56: ..Adjusted Credit in MBR for "Moved Services"
C57: 1200000 | D57: State: $700,000; City: $500,000 | L57: -1019400 | M57: ..Internal adjustment: releases $1M from workers compensation
C58: 1019400 | D58: W/C Reduction - Internal Adjustment | L58: =-O52 -> -14704804 | M58: ..State Alliance Grant
C59: 1062303 | D59: Adjusted Credit, "Moved Services" | L59: =SUM(L45,L56:L58) -> 222723857 | M59: ..CASH AMOUNT EXPECTED IN MUNIS
C60: =SUM(C57:C59) -> 3281703 | D60: TOTAL | L60: -9962 | M60: ..Adjusted for MBR funds not received in 2014-15
C61: =219830397-219813895 -> 16502 | D61: MBR Shortage: FY 13 Appropriation - FY 14 Budget | L61: =SUM(L59:L60) -> 222713895 | M61: ..FINAL CASH AMOUNT IN MUNIS
C62: =SUM(C60:C61) -> 3298205 | L62: =M63+O63 -> 2098205 | M62: ..IN-KIND AMOUNT CREDITED TO MBR
M63: 1078805 | N63: .+. | O63: =C58 -> 1019400
L65: =SUM(L61:L62) -> 224812100 | M65: …MBR AMOUNT
L67: =L65+O52 -> 239516904 | M67: …BUDGET PLAN, WITH ALLIANCE
A70: FY 16 | C70: BUDGET APPROPRIATION
C72: City Contribution | E72: 2014-15 | I72: =G46 -> 60626718
D73: Amount not received in 2014-15 | H73: > | I73: -9962
L74: =SUM(I72:I73) -> 60616756 | M74: FY15 Total Budget= | O74: =SUM(L74,G49)+SUM(L56:L58) -> 208009091 | P74: [excluding Alliance]
D75: Reduce by $2.1M, total prior credit for in-kind services | H75: > | I75: =SUM(L56:L57) -> -2098205
D76: Adjusted City Base = | I76: =SUM(I72:I75) -> 58518551
C77: City Addition | E77: 2015-16 | F77: F/T Nurses & Inteventionists | I77: 1000000
C78: City Addition | E78: 2015-16 | I78: 3800000 | K78: * | L78: Cash
C79: City Contribution | E79: 2015-16 | G79: Total | I79: =SUM(I76:I78) -> 63318551
C81: *NOTE: | D81: The City Addition, $3.8M, includes a minimum of $1.5M in cash and in-kind services billable by the City up to the amount calculated below:
E82: The lesser amount of: $2,290,691 or ($3.8M Minus Final MBR)
D83: Billable in-kind services = Worker's Compensation, Crossing Guards, Snow Removal, Refuse Collection.
C85: TOTAL BOE APPROPRIATION | L85: =SUM(G86,G89:G90) -> 245590744
C86: City Contribution | E86: IN MUNIS | G86: =I79+5469 -> 63324020 | M86: =G86/$L$85 -> 0.25784368
C87: ……Amount of Increase (Cash) | H87: **Est | I87: =(G86-L74)-(2300000+I75) -> 2505469 | K87: =I87/G46 -> 0.041326153 | L87: Increase
C89: FY16 State ECS | G89: =167561920-3366576 -> 164195344
C90: FY16 State ALLIANCE/ECS | G90: =O52+3366576 -> 18071380
D91: STATE TOTAL = | F91: =SUM(G89:G90) -> 182266724 | M91: =F91/$L$85 -> 0.74215632
C92: ……Amount of Increase | I92: =F91-F51 -> 3366576 | K92: =I92/F51 -> 0.018818185 | L92: Increase | O92: 18071380 | P92: Alliance/ECS grant
C94: FY16 compared to FY15 | K94: Amount/Percentage of Increase: | O94: =L85-L45-(2300000+I75+I73) -> 5872045 | P94: =O94/L45 -> 0.024515183
O95: > Adjusted as noted
L96: =-O92 -> -18071380 | M96: ..State Alliance Grant
A98: ** NOTE: | H98: Amount in Operating Budget = | L98: =SUM(L85,L96) -> 227519364 | M98: …MBR AMOUNT [Cash amount expected in MUNIS]
A99: The MBR amount is projected at $1.5M, subject to final calculation by the State.
A100: If the Final MBR is higher than $1.5M, the amount in excess of $1.5M will be deducted from the set-aside for billable in-kind services [$2,290,691]. | L100: =L98+O92 -> 245590744 | M100: …BUDGET PLAN, WITH ALLIANCE
A101: > Adjusted: ($9,962) and ($2,098,205 - $2,300,000)
A104: FY 17 | C104: BUDGET APPROPRIATION | L104: =SUM(G105,F111) -> 244488960
C105: City Contribution | E105: ** | G105: =G86+59550 -> 63383570
C106: ……Amount of Increase | I106: =G105-G86 -> 59550 | K106: =I106/G86 -> 0.00094040145 | L106: Increase | M106: =G105/L104 -> 0.25924921
C108: FY17 State ECS | G108: =167561920-3366576 -> 164195344
C109: FY17 State ALLIANCE/ECS - reduced from FY 16 | G109: =18071380-911334-250000 -> 16910046
C110: FY17 State ALLIANCE/ECS - REQUESTED ADDITION | G110: 0
D111: STATE TOTAL = | F111: =SUM(G108:G110) -> 181105390 | G111: * | M111: =F111/L104 -> 0.74075079
C112: ……Amount of Increase | I112: =F111-F91 -> -1161334 | K112: =I112/F91 -> -0.0063716183 | L112: Decrease | O112: =SUM(G109:G110) -> 16910046 | P112: Alliance/ECS grant
C114: FY17 compared to FY16 | K114: Amount/Percentage of Increase: | O114: =L104-L85 -> -1101784 | P114: =O114/L85 -> -0.0044862603
I116: =SUM(I106,I112) -> -1101784 | L116: =-O112 -> -16910046 | M116: ..State Alliance Grant
H118: Amount in Operating Budget = | L118: =SUM(L104,L116) -> 227578914 | M118: ...Cash amount expected in MUNIS
C120: ** NOTE: | I120: ACTUAL: | L120: =L104 -> 244488960 | M120: …BUDGET PLAN, WITH ALLIANCE
C121: The City amount includes billable services:
C122: Maximum: $2,290,691
C123: The billable in-kind services consist of: Worker's Compensation, Crossing Guards, Snow Removal, Refuse Collection.
C125: *FY17 State ECS/Alliance
C126: 12-29-16: The CSDE announced an unanticipated midyear reduction in ECS/Alliance = - $250,000. | L126: Prior reduction in ECS/Alliance for 2017-18 = - $911,334.
C127: Total ECS/Alliance Reduction = - $1,161,334.
D128: FINAL ECS/Alliance Allocation = $16,910,046. | H128: [From FY16 = $18,071,380 to FY17 = $16,910,046]
A131: FY18 | C131: BUDGET APPROPRIATION | L131: =SUM(G132,F138) -> 244626553
C132: City Contribution | E132: ** | G132: =G105+387593 -> 63771163
C133: ……Amount of Increase | I133: =G132-G105 -> 387593 | K133: =I133/G105 -> 0.006115039 | L133: Increase | M133: =G132/L131 -> 0.26068782
C135: FY18 State ECS | G135: =167561920-3366576-250000 -> 163945344
C136: FY18 State ALLIANCE ECS | G136: =18071380-911334-250000 -> 16910046
C137: FY18 State ALLIANCE/ECS | G137: 0
...

Sheet 2 OPBUD Summary
A1: BRIDGEPORT PUBLIC SCHOOLS
A2: GENERAL FUND TREND
D3: As of | E3: JANUARY | F3: 2026
A5: 2026-27 GENERAL OPERATING BUDGET
A7: ACCOUNT | B7: DESCRIPTION | C7: FY2027 REQUESTED BUDGET | D7: FY26 BUDGET | E7: FY2025 | F7: FY2024 | G7: FY2023 | H7: FY2022 | I7: FY2021 | J7: FY2020 | K7: VARIANCE
A8: 800 | B8: Principals/Supervisors | C8: ='3 OPBUD Detail'!I3 -> 12480514 | D8: ='3 OPBUD Detail'!J3 -> 11214473 | E8: ='3 OPBUD Detail'!K3 -> 12665928 | F8: ='3 OPBUD Detail'!L3 -> 10150557 | G8: ='3 OPBUD Detail'!M3 -> 9959847.5 | H8: ='3 OPBUD Detail'!N3 -> 9773662.8 | I8: ='3 OPBUD Detail'!O3 -> 9424898 | J8: ='3 OPBUD Detail'!P3 -> 9514850.2 | K8: =Table4[[#This Row],[FY26 BUDGET]]-Table4[[#This Row],[FY2027 REQUESTED BUDGET]] -> -1266041.5
A9: 801 | B9: Elementary Classroom | C9: ='3 OPBUD Detail'!I4 -> 18885437 | D9: ='3 OPBUD Detail'!J4 -> 19959724 | E9: ='3 OPBUD Detail'!K4 -> 30029495 | F9: ='3 OPBUD Detail'!L4 -> 31415629 | G9: ='3 OPBUD Detail'!M4 -> 31772193 | H9: ='3 OPBUD Detail'!N4 -> 30790885 | I9: ='3 OPBUD Detail'!O4 -> 32029893 | J9: ='3 OPBUD Detail'!P4 -> 32188188 | K9: =Table4[[#This Row],[FY26 BUDGET]]-Table4[[#This Row],[FY2027 REQUESTED BUDGET]] -> 1074287.3
A10: 802 | B10: Substitutes | C10: ='3 OPBUD Detail'!I5 -> 4797663.9 | D10: ='3 OPBUD Detail'!J5 -> 4483798 | E10: ='3 OPBUD Detail'!K5 -> 4004491.2 | F10: ='3 OPBUD Detail'!L5 -> 2316684.7 | G10: ='3 OPBUD Detail'!M5 -> 1228489.4 | H10: ='3 OPBUD Detail'!N5 -> 1435471.4 | I10: ='3 OPBUD Detail'!O5 -> 429004.08 | J10: ='3 OPBUD Detail'!P5 -> 1678701 | K10: =Table4[[#This Row],[FY26 BUDGET]]-Table4[[#This Row],[FY2027 REQUESTED BUDGET]] -> -313865.86
A11: 803 | B11: Paraprofessionals | C11: ='3 OPBUD Detail'!I6 -> 1317744.2 | D11: ='3 OPBUD Detail'!J6 -> 83040.69 | E11: ='3 OPBUD Detail'!K6 -> 231389.76 | F11: ='3 OPBUD Detail'!L6 -> 308629.48 | G11: ='3 OPBUD Detail'!M6 -> 255013.95 | H11: ='3 OPBUD Detail'!N6 -> 245529.15 | I11: ='3 OPBUD Detail'!O6 -> 0 | J11: ='3 OPBUD Detail'!P6 -> 0 | K11: =Table4[[#This Row],[FY26 BUDGET]]-Table4[[#This Row],[FY2027 REQUESTED BUDGET]] -> -1234703.5
A12: 804 | B12: School Clericals | C12: ='3 OPBUD Detail'!I7 -> 5344091 | D12: ='3 OPBUD Detail'!J7 -> 4166117.7 | E12: ='3 OPBUD Detail'!K7 -> 5086193.7 | F12: ='3 OPBUD Detail'!L7 -> 5075874.5 | G12: ='3 OPBUD Detail'!M7 -> 5024695.7 | H12: ='3 OPBUD Detail'!N7 -> 4865654.5 | I12: ='3 OPBUD Detail'!O7 -> 4699523.4 | J12: ='3 OPBUD Detail'!P7 -> 4530794.7 | K12: =Table4[[#This Row],[FY26 BUDGET]]-Table4[[#This Row],[FY2027 REQUESTED BUDGET]] -> -1177973.3
A13: 805 | B13: Instructional Supplies | C13: ='3 OPBUD Detail'!I8 -> 114831.93 | D13: ='3 OPBUD Detail'!J8 -> 111487.31 | E13: ='3 OPBUD Detail'!K8 -> 76619.56 | F13: ='3 OPBUD Detail'!L8 -> 86049.54 | G13: ='3 OPBUD Detail'!M8 -> 98881.13 | H13: ='3 OPBUD Detail'!N8 -> 111845.24 | I13: ='3 OPBUD Detail'!O8 -> 40780.34 | J13: ='3 OPBUD Detail'!P8 -> 45767.32 | K13: =Table4[[#This Row],[FY26 BUDGET]]-Table4[[#This Row],[FY2027 REQUESTED BUDGET]] -> -3344.6193
A14: 806 | B14: Supplementary Supplies | C14: ='3 OPBUD Detail'!I9 -> 623774.81 | D14: ='3 OPBUD Detail'!J9 -> 566870.74 | E14: ='3 OPBUD Detail'!K9 -> 608540.3 | F14: ='3 OPBUD Detail'!L9 -> 421314.12 | G14: ='3 OPBUD Detail'!M9 -> 430724.63 | H14: ='3 OPBUD Detail'!N9 -> 355559.3 | I14: ='3 OPBUD Detail'!O9 -> 392320.87 | J14: ='3 OPBUD Detail'!P9 -> 376904.37 | K14: =Table4[[#This Row],[FY26 BUDGET]]-Table4[[#This Row],[FY2027 REQUESTED BUDGET]] -> -56904.068
A15: 807 | B15: High School Textbooks | C15: ='3 OPBUD Detail'!I10 -> 0 | D15: ='3 OPBUD Detail'!J10 -> 0 | E15: ='3 OPBUD Detail'!K10 -> 0 | F15: ='3 OPBUD Detail'!L10 -> 0 | G15: ='3 OPBUD Detail'!M10 -> 0 | H15: ='3 OPBUD Detail'!N10 -> 0 | I15: ='3 OPBUD Detail'!O10 -> 0 | J15: ='3 OPBUD Detail'!P10 -> 0 | K15: =Table4[[#This Row],[FY26 BUDGET]]-Table4[[#This Row],[FY2027 REQUESTED BUDGET]] -> 0
A16: 808 | B16: Elementary Textbooks | C16: ='3 OPBUD Detail'!I11 -> 0 | D16: ='3 OPBUD Detail'!J11 -> 0 | E16: ='3 OPBUD Detail'!K11 -> 0 | F16: ='3 OPBUD Detail'!L11 -> 0 | G16: ='3 OPBUD Detail'!M11 -> 0 | H16: ='3 OPBUD Detail'!N11 -> 0 | I16: ='3 OPBUD Detail'!O11 -> 0 | J16: ='3 OPBUD Detail'!P11 -> 0 | K16: =Table4[[#This Row],[FY26 BUDGET]]-Table4[[#This Row],[FY2027 REQUESTED BUDGET]] -> 0
A17: 809 | B17: Kindergarten Teachers | C17: ='3 OPBUD Detail'!I12 -> 826321.44 | D17: ='3 OPBUD Detail'!J12 -> 5801079.4 | E17: ='3 OPBUD Detail'!K12 -> 4742923.3 | F17: ='3 OPBUD Detail'!L12 -> 3436543.8 | G17: ='3 OPBUD Detail'!M12 -> 3309479.8 | H17: ='3 OPBUD Detail'!N12 -> 3383298.7 | I17: ='3 OPBUD Detail'!O12 -> 3705966.7 | J17: ='3 OPBUD Detail'!P12 -> 3939258.7 | K17: =Table4[[#This Row],[FY26 BUDGET]]-Table4[[#This Row],[FY2027 REQUESTED BUDGET]] -> 4974758
A18: 810 | B18: Bilingual Education | C18: ='3 OPBUD Detail'!I13 -> 1548586.2 | D18: ='3 OPBUD Detail'!J13 -> 6301538 | E18: ='3 OPBUD Detail'!K13 -> 6594240.1 | F18: ='3 OPBUD Detail'!L13 -> 4788681 | G18: ='3 OPBUD Detail'!M13 -> 6044003.2 | H18: ='3 OPBUD Detail'!N13 -> 6398991.2 | I18: ='3 OPBUD Detail'!O13 -> 6267690.7 | J18: ='3 OPBUD Detail'!P13 -> 6420189.8 | K18: =Table4[[#This Row],[FY26 BUDGET]]-Table4[[#This Row],[FY2027 REQUESTED BUDGET]] -> 4752951.8
A19: 811 | B19: Bilingual Aides | C19: ='3 OPBUD Detail'!I14 -> 0 | D19: ='3 OPBUD Detail'!J14 -> 0 | E19: ='3 OPBUD Detail'!K14 -> 0 | F19: ='3 OPBUD Detail'!L14 -> 13547.08 | G19: ='3 OPBUD Detail'!M14 -> 0 | H19: ='3 OPBUD Detail'!N14 -> 0 | I19: ='3 OPBUD Detail'!O14 -> 0 | J19: ='3 OPBUD Detail'!P14 -> 0 | K19: =Table4[[#This Row],[FY26 BUDGET]]-Table4[[#This Row],[FY2027 REQUESTED BUDGET]] -> 0
... A111: 899 | B111: BOE Grant Administration | C111: ='3 OPBUD Detail'!I106 -> 0 | D111: ='3 OPBUD Detail'!J106 -> 0 | E111: ='3 OPBUD Detail'!K106 -> 0 | F111: ='3 OPBUD Detail'!L106 -> 0 | G111: ='3 OPBUD Detail'!M106 -> 0 | H111: ='3 OPBUD Detail'!N106 -> 0 | I111: ='3 OPBUD Detail'!O106 -> 0 | J111: ='3 OPBUD Detail'!P106 -> 0 | K111: =Table4[[#This Row],[FY26 BUDGET]]-Table4[[#This Row],[FY2027 REQUESTED BUDGET]] -> 0
B113: GRAND TOTAL | C113: =SUBTOTAL(109,Table4[FY2027 REQUESTED BUDGET]) -> 2.935621e+08 | D113: =SUBTOTAL(109,Table4[FY26 BUDGET]) -> 2.4586098e+08 | E113: =SUBTOTAL(109,Table4[FY2025]) -> 2.4273598e+08 | F113: =SUBTOTAL(109,Table4[FY2024]) -> 2.3973598e+08 | G113: =SUBTOTAL(109,Table4[FY2023]) -> 2.3723598e+08 | H113: =SUBTOTAL(109,Table4[FY2022]) -> 2.3523598e+08 | I113: =SUBTOTAL(109,Table4[FY2021]) -> 2.3323598e+08 | J113: =SUBTOTAL(109,Table4[FY2020]) -> 2.3098598e+08 | K113: =SUBTOTAL(109,Table4[VARIANCE]) -> -47701121
A115: RANGE | B115: BUDGET CATEGORY | C115: FY2027 REQUESTED BUDGET | D115: FY26 BUDGET | E115: FY2025 | F115: FY2024 | G115: FY2023 | H115: FY2022 | I115: FY20222 | J115: FY20223 | K115: VARIANCE
A116: 800-850 | B116: INSTRUCTION | C116: ='3 OPBUD Detail'!I111 -> 1.95764e+08 | D116: =+'3 OPBUD Detail'!J111 -> 1.7047753e+08 | E116: =+'3 OPBUD Detail'!K111 -> 1.7538085e+08 | F116: =+'3 OPBUD Detail'!L111 -> 1.6392815e+08 | G116: =+'3 OPBUD Detail'!M111 -> 1.6422914e+08 | H116: =+'3 OPBUD Detail'!N111 -> 1.6471035e+08 | I116: =+'3 OPBUD Detail'!O111 -> 1.6837717e+08 | J116: =+'3 OPBUD Detail'!P111 -> 1.6646896e+08 | K116: =D116-C116 -> -25286474
A117: 851-852 | B117: INSTRUCTION SUPPORT | C117: ='3 OPBUD Detail'!I112 -> 8811.3314 | D117: =+'3 OPBUD Detail'!J112 -> 387572.41 | E117: =+'3 OPBUD Detail'!K112 -> 416913.39 | F117: =+'3 OPBUD Detail'!L112 -> 266929.66 | G117: =+'3 OPBUD Detail'!M112 -> 142071.07 | H117: =+'3 OPBUD Detail'!N112 -> 137461.28 | I117: =+'3 OPBUD Detail'!O112 -> 170373.71 | J117: =+'3 OPBUD Detail'!P112 -> 185710.23 | K117: =D117-C117 -> 378761.08
A118: 853-862 | B118: PUPIL SERVICES | C118: ='3 OPBUD Detail'!I113 -> 17132985 | D118: =+'3 OPBUD Detail'!J113 -> 15725431 | E118: =+'3 OPBUD Detail'!K113 -> 16724718 | F118: =+'3 OPBUD Detail'!L113 -> 15173757 | G118: =+'3 OPBUD Detail'!M113 -> 15577905 | H118: =+'3 OPBUD Detail'!N113 -> 14570831 | I118: =+'3 OPBUD Detail'!O113 -> 14071993 | J118: =+'3 OPBUD Detail'!P113 -> 14667910 | K118: =D118-C118 -> -1407553.2
A119: 863-865 | B119: ADMINISTRATION | C119: ='3 OPBUD Detail'!I114 -> 1954442 | D119: =+'3 OPBUD Detail'!J114 -> 2234818.1 | E119: =+'3 OPBUD Detail'!K114 -> 2376320.3 | F119: =+'3 OPBUD Detail'!L114 -> 1504703.2 | G119: =+'3 OPBUD Detail'!M114 -> 1209912.8 | H119: =+'3 OPBUD Detail'!N114 -> 1403605.3 | I119: =+'3 OPBUD Detail'!O114 -> 1168365.7 | J119: =+'3 OPBUD Detail'!P114 -> 1129645.2 | K119: =D119-C119 -> 280376.19
A120: 866-899 | B120: SUPPORT SERVICES | C120: ='3 OPBUD Detail'!I115 -> 78701863 | D120: =+'3 OPBUD Detail'!J115 -> 57035631 | E120: =+'3 OPBUD Detail'!K115 -> 47837185 | F120: =+'3 OPBUD Detail'!L115 -> 58862447 | G120: =+'3 OPBUD Detail'!M115 -> 56076945 | H120: =+'3 OPBUD Detail'!N115 -> 54413729 | I120: =+'3 OPBUD Detail'!O115 -> 49448075 | J120: =+'3 OPBUD Detail'!P115 -> 48533752 | K120: =D120-C120 -> -21666232
C121: =SUM(Table15[FY2027 REQUESTED BUDGET]) -> 2.935621e+08 | D121: =SUM(Table15[FY26 BUDGET]) -> 2.4586098e+08 | E121: =SUM(Table15[FY2025]) -> 2.4273598e+08 | F121: =SUM(Table15[FY2024]) -> 2.3973598e+08 | G121: =SUM(Table15[FY2023]) -> 2.3723598e+08 | H121: =SUM(Table15[FY2022]) -> 2.3523598e+08 | I121: =SUM(Table15[FY20222]) -> 2.3323598e+08 | J121: =SUM(Table15[FY20223]) -> 2.3098598e+08 | K121: =SUM(K116:K120) -> -47701121
E123: Refer to the bottom of the detail chart. | H123: Debits | I123: 0
E124: ISF Withrawn YTD | H124: Debits | I124: 0
E125: Refer to the bottom of the detail chart. | H125: Credits | I125: =+'3 OPBUD Detail'!Q119 -> #REF!
E126: Refer to the bottom of the detail chart. | H126: ISF Withdrawal | I126: ='[1]3 OPBUD_Detail'!O4379 -> 0
E127: Refer to the bottom of the detail chart. | H127: Gap Reduction | I127: ='[1]3 OPBUD_Detail'!O4381 -> 0
H128: BALANCE | I128: =SUM(I121:I127) -> #REF!

Sheet 3 OPBUD Detail
A2: BUDGET SUMMARY | B2: BUDGET DETAIL | D2: Account | E2: . | F2: Account Title | G2: FTE | H2: … | I2: FY2027 REQUESTED BUDGET | J2: FY26 BUDGET | K2: FY2025 | L2: FY2024 | M2: FY2023 | N2: FY2022 | O2: FY2021 | P2: FY2020 | Q2: VARIANCE
D3: 800 | F3: Principals | G3: =SUMIF($D$127:$D$5679,$D3,$G$127:$G$5679) -> 63 | I3: =SUMIF($D$127:$D$5099,$D3,$I$127:$I$5099) -> 12480514 | J3: =SUMIF($D$127:$D$5679,$D3,$J$127:$J$5679) -> 11214473 | K3: =SUMIF($D$127:$D$5679,$D3,$K$127:$K$5679) -> 12665928 | L3: =SUMIF($D$127:$D$5679,$D3,$L$127:$L$5679) -> 10150557 | M3: =SUMIF($D$127:$D$5679,$D3,$M$127:$M$5679) -> 9959847.5 | N3: =SUMIF($D$127:$D$5679,$D3,$N$127:$N$5679) -> 9773662.8 | O3: =SUMIF($D$127:$D$5679,$D3,$O$127:$O$5679) -> 9424898 | P3: =SUMIF($D$127:$D$5679,$D3,$P$127:$P$5679) -> 9514850.2 | Q3: =+Table210[[#This Row],[FY26 BUDGET]]-Table210[[#This Row],[FY2027 REQUESTED BUDGET]] -> -1266041.5
D4: 801 | F4: Elementary Classroom | G4: =SUMIF($D$127:$D$5679,$D4,$G$127:$G$5679) -> 288 | I4: =SUMIF($D$127:$D$5099,$D4,$I$127:$I$5099) -> 18885437 | J4: =SUMIF($D$127:$D$5679,$D4,$J$127:$J$5679) -> 19959724 | K4: =SUMIF($D$127:$D$5679,$D4,$K$127:$K$5679) -> 30029495 | L4: =SUMIF($D$127:$D$5679,$D4,$L$127:$L$5679) -> 31415629 | M4: =SUMIF($D$127:$D$5679,$D4,$M$127:$M$5679) -> 31772193 | N4: =SUMIF($D$127:$D$5679,$D4,$N$127:$N$5679) -> 30790885 | O4: =SUMIF($D$127:$D$5679,$D4,$O$127:$O$5679) -> 32029893 | P4: =SUMIF($D$127:$D$5679,$D4,$P$127:$P$5679) -> 32188188 | Q4: =+Table210[[#This Row],[FY26 BUDGET]]-Table210[[#This Row],[FY2027 REQUESTED BUDGET]] -> 1074287.3
D5: 802 | F5: Substitutes | G5: =SUMIF($D$127:$D$5679,$D5,$G$127:$G$5679) -> 0 | I5: =SUMIF($D$127:$D$5099,$D5,$I$127:$I$5099) -> 4797663.9 | J5: =SUMIF($D$127:$D$5679,$D5,$J$127:$J$5679) -> 4483798 | K5: =SUMIF($D$127:$D$5679,$D5,$K$127:$K$5679) -> 4004491.2 | L5: =SUMIF($D$127:$D$5679,$D5,$L$127:$L$5679) -> 2316684.7 | M5: =SUMIF($D$127:$D$5679,$D5,$M$127:$M$5679) -> 1228489.4 | N5: =SUMIF($D$127:$D$5679,$D5,$N$127:$N$5679) -> 1435471.4 | O5: =SUMIF($D$127:$D$5679,$D5,$O$127:$O$5679) -> 429004.08 | P5: =SUMIF($D$127:$D$5679,$D5,$P$127:$P$5679) -> 1678701 | Q5: =+Table210[[#This Row],[FY26 BUDGET]]-Table210[[#This Row],[FY2027 REQUESTED BUDGET]] -> -313865.86
D6: 803 | F6: Paraprofessionals | G6: =SUMIF($D$127:$D$5679,$D6,$G$127:$G$5679) -> 9 | I6: =SUMIF($D$127:$D$5099,$D6,$I$127:$I$5099) -> 1317744.2 | J6: =SUMIF($D$127:$D$5679,$D6,$J$127:$J$5679) -> 83040.69 | K6: =SUMIF($D$127:$D$5679,$D6,$K$127:$K$5679) -> 231389.76 | L6: =SUMIF($D$127:$D$5679,$D6,$L$127:$L$5679) -> 308629.48 | M6: =SUMIF($D$127:$D$5679,$D6,$M$127:$M$5679) -> 255013.95 | N6: =SUMIF($D$127:$D$5679,$D6,$N$127:$N$5679) -> 245529.15 | O6: =SUMIF($D$127:$D$5679,$D6,$O$127:$O$5679) -> 0 | P6: =SUMIF($D$127:$D$5679,$D6,$P$127:$P$5679) -> 0 | Q6: =+Table210[[#This Row],[FY26 BUDGET]]-Table210[[#This Row],[FY2027 REQUESTED BUDGET]] -> -1234703.5
D7: 804 | F7: School Clericals | G7: =SUMIF($D$127:$D$5679,$D7,$G$127:$G$5679) -> 63 | I7: =SUMIF($D$127:$D$5099,$D7,$I$127:$I$5099) -> 5344091 | J7: =SUMIF($D$127:$D$5679,$D7,$J$127:$J$5679) -> 4166117.7 | K7: =SUMIF($D$127:$D$5679,$D7,$K$127:$K$5679) -> 5086193.7 | L7: =SUMIF($D$127:$D$5679,$D7,$L$127:$L$5679) -> 5075874.5 | M7: =SUMIF($D$127:$D$5679,$D7,$M$127:$M$5679) -> 5024695.7 | N7: =SUMIF($D$127:$D$5679,$D7,$N$127:$N$5679) -> 4865654.5 | O7: =SUMIF($D$127:$D$5679,$D7,$O$127:$O$5679) -> 4699523.4 | P7: =SUMIF($D$127:$D$5679,$D7,$P$127:$P$5679) -> 4530794.7 | Q7: =+Table210[[#This Row],[FY26 BUDGET]]-Table210[[#This Row],[FY2027 REQUESTED BUDGET]] -> -1177973.3
D8: 805 | F8: Instructional Supplies | G8: =SUMIF($D$127:$D$5679,$D8,$G$127:$G$5679) -> 0 | I8: =SUMIF($D$127:$D$5099,$D8,$I$127:$I$5099) -> 114831.93 | J8: =SUMIF($D$127:$D$5679,$D8,$J$127:$J$5679) -> 111487.31 | K8: =SUMIF($D$127:$D$5679,$D8,$K$127:$K$5679) -> 76619.56 | L8: =SUMIF($D$127:$D$5679,$D8,$L$127:$L$5679) -> 86049.54 | M8: =SUMIF($D$127:$D$5679,$D8,$M$127:$M$5679) -> 98881.13 | N8: =SUMIF($D$127:$D$5679,$D8,$N$127:$N$5679) -> 111845.24 | O8: =SUMIF($D$127:$D$5679,$D8,$O$127:$O$5679) -> 40780.34 | P8: =SUMIF($D$127:$D$5679,$D8,$P$127:$P$5679) -> 45767.32 | Q8: =+Table210[[#This Row],[FY26 BUDGET]]-Table210[[#This Row],[FY2027 REQUESTED BUDGET]] -> -3344.6193
D9: 806 | F9: Supplementary Supplies | G9: =SUMIF($D$127:$D$5679,$D9,$G$127:$G$5679) -> 0 | I9: =SUMIF($D$127:$D$5099,$D9,$I$127:$I$5099) -> 623774.81 | J9: =SUMIF($D$127:$D$5679,$D9,$J$127:$J$5679) -> 566870.74 | K9: =SUMIF($D$127:$D$5679,$D9,$K$127:$K$5679) -> 608540.3 | L9: =SUMIF($D$127:$D$5679,$D9,$L$127:$L$5679) -> 421314.12 | M9: =SUMIF($D$127:$D$5679,$D9,$M$127:$M$5679) -> 430724.63 | N9: =SUMIF($D$127:$D$5679,$D9,$N$127:$N$5679) -> 355559.3 | O9: =SUMIF($D$127:$D$5679,$D9,$O$127:$O$5679) -> 392320.87 | P9: =SUMIF($D$127:$D$5679,$D9,$P$127:$P$5679) -> 376904.37 | Q9: =+Table210[[#This Row],[FY26 BUDGET]]-Table210[[#This Row],[FY2027 REQUESTED BUDGET]] -> -56904.068
D10: 807 | F10: High School Textbooks | G10: =SUMIF($D$127:$D$5679,$D10,$G$127:$G$5679) -> 0 | I10: =SUMIF($D$127:$D$5099,$D10,$I$127:$I$5099) -> 0 | J10: =SUMIF($D$127:$D$5679,$D10,$J$127:$J$5679) -> 0 | K10: =SUMIF($D$127:$D$5679,$D10,$K$127:$K$5679) -> 0 | L10: =SUMIF($D$127:$D$5679,$D10,$L$127:$L$5679) -> 0 | M10: =SUMIF($D$127:$D$5679,$D10,$M$127:$M$5679) -> 0 | N10: =SUMIF($D$127:$D$5679,$D10,$N$127:$N$5679) -> 0 | O10: =SUMIF($D$127:$D$5679,$D10,$O$127:$O$5679) -> 0 | P10: =SUMIF($D$127:$D$5679,$D10,$P$127:$P$5679) -> 0 | Q10: =+Table210[[#This Row],[FY26 BUDGET]]-Table210[[#This Row],[FY2027 REQUESTED BUDGET]] -> 0
D11: 808 | F11: Elementary Textbooks | G11: =SUMIF($D$127:$D$5679,$D11,$G$127:$G$5679) -> 0 | I11: =SUMIF($D$127:$D$5099,$D11,$I$127:$I$5099) -> 0 | J11: =SUMIF($D$127:$D$5679,$D11,$J$127:$J$5679) -> 0 | K11: =SUMIF($D$127:$D$5679,$D11,$K$127:$K$5679) -> 0 | L11: =SUMIF($D$127:$D$5679,$D11,$L$127:$L$5679) -> 0 | M11: =SUMIF($D$127:$D$5679,$D11,$M$127:$M$5679) -> 0 | N11: =SUMIF($D$127:$D$5679,$D11,$N$127:$N$5679) -> 0 | O11: =SUMIF($D$127:$D$5679,$D11,$O$127:$O$5679) -> 0 | P11: =SUMIF($D$127:$D$5679,$D11,$P$127:$P$5679) -> 0 | Q11: =+Table210[[#This Row],[FY26 BUDGET]]-Table210[[#This Row],[FY2027 REQUESTED BUDGET]] -> 0
D12: 809 | F12: Kindergarten Teachers | G12: =SUMIF($D$127:$D$5679,$D12,$G$127:$G$5679) -> 52 | I12: =SUMIF($D$127:$D$5099,$D12,$I$127:$I$5099) -> 826321.44 | J12: =SUMIF($D$127:$D$5679,$D12,$J$127:$J$5679) -> 5801079.4 | K12: =SUMIF($D$127:$D$5679,$D12,$K$127:$K$5679) -> 4742923.3 | L12: =SUMIF($D$127:$D$5679,$D12,$L$127:$L$5679) -> 3436543.8 | M12: =SUMIF($D$127:$D$5679,$D12,$M$127:$M$5679) -> 3309479.8 | N12: =SUMIF($D$127:$D$5679,$D12,$N$127:$N$5679) -> 3383298.7 | O12: =SUMIF($D$127:$D$5679,$D12,$O$127:$O$5679) -> 3705966.7 | P12: =SUMIF($D$127:$D$5679,$D12,$P$127:$P$5679) -> 3939258.7 | Q12: =+Table210[[#This Row],[FY26 BUDGET]]-Table210[[#This Row],[FY2027 REQUESTED BUDGET]] -> 4974758
D13: 810 | F13: Bilingual Education | G13: =SUMIF($D$127:$D$5679,$D13,$G$127:$G$5679) -> 53 | I13: =SUMIF($D$127:$D$5099,$D13,$I$127:$I$5099) -> 1548586.2 | J13: =SUMIF($D$127:$D$5679,$D13,$J$127:$J$5679) -> 6301538 | K13: =SUMIF($D$127:$D$5679,$D13,$K$127:$K$5679) -> 6594240.1 | L13: =SUMIF($D$127:$D$5679,$D13,$L$127:$L$5679) -> 4788681 | M13: =SUMIF($D$127:$D$5679,$D13,$M$127:$M$5679) -> 6044003.2 | N13: =SUMIF($D$127:$D$5679,$D13,$N$127:$N$5679) -> 6398991.2 | O13: =SUMIF($D$127:$D$5679,$D13,$O$127:$O$5679) -> 6267690.7 | P13: =SUMIF($D$127:$D$5679,$D13,$P$127:$P$5679) -> 6420189.8 | Q13: =+Table210[[#This Row],[FY26 BUDGET]]-Table210[[#This Row],[FY2027 REQUESTED BUDGET]] -> 4752951.8
D14: 811 | F14: Bilingual Aides | G14: =SUMIF($D$127:$D$5679,$D14,$G$127:$G$5679) -> 0 | I14: =SUMIF($D$127:$D$5099,$D14,$I$127:$I$5099) -> 0 | J14: =SUMIF($D$127:$D$5679,$D14,$J$127:$J$5679) -> 0 | K14: =SUMIF($D$127:$D$5679,$D14,$K$127:$K$5679) -> 0 | L14: =SUMIF($D$127:$D$5679,$D14,$L$127:$L$5679) -> 13547.08 | M14: =SUMIF($D$127:$D$5679,$D14,$M$127:$M$5679) -> 0 | N14: =SUMIF($D$127:$D$5679,$D14,$N$127:$N$5679) -> 0 | O14: =SUMIF($D$127:$D$5679,$D14,$O$127:$O$5679) -> 0 | P14: =SUMIF($D$127:$D$5679,$D14,$P$127:$P$5679) -> 0 | Q14: =+Table210[[#This Row],[FY26 BUDGET]]-Table210[[#This Row],[FY2027 REQUESTED BUDGET]] -> 0
... D106: 899 | F106: BOE Grant Administration | G106: =SUMIF($D$127:$D$5679,$D106,$G$127:$G$5679) -> 0 | I106: =SUMIF($D$127:$D$5099,$D106,$I$127:$I$5099) -> 0 | J106: =SUMIF($D$127:$D$5679,$D106,$J$127:$J$5679) -> 0 | K106: =SUMIF($D$127:$D$5679,$D106,$K$127:$K$5679) -> 0 | L106: =SUMIF($D$127:$D$5679,$D106,$L$127:$L$5679) -> 0 | M106: =SUMIF($D$127:$D$5679,$D106,$M$127:$M$5679) -> 0 | N106: =SUMIF($D$127:$D$5679,$D106,$N$127:$N$5679) -> 0 | O106: =SUMIF($D$127:$D$5679,$D106,$O$127:$O$5679) -> 0 | P106: =SUMIF($D$127:$D$5679,$D106,$P$127:$P$5679) -> 0 | Q106: =+Table210[[#This Row],[FY26 BUDGET]]-Table210[[#This Row],[FY2027 REQUESTED BUDGET]] -> 0
N107: =SUMIF($D$127:$D$5679,$D107,$N$127:$N$5679) -> 0 | O107: =SUMIF($D$127:$D$5679,$D107,$O$127:$O$5679) -> 0 | P107: =SUMIF($D$127:$D$5679,$D107,$P$127:$P$5679) -> 0 | Q107: =+Table210[[#This Row],[FY26 BUDGET]]-Table210[[#This Row],[FY2027 REQUESTED BUDGET]] -> 0
D108: Total | G108: =SUBTOTAL(109,Table210[FTE]) -> 1758.9 | I108: =SUBTOTAL(109,Table210[FY2027 REQUESTED BUDGET]) -> 2.935621e+08 | J108: =SUBTOTAL(109,Table210[FY26 BUDGET]) -> 2.4586098e+08 | K108: =SUBTOTAL(109,Table210[FY2025]) -> 2.4273598e+08 | L108: =SUBTOTAL(109,Table210[FY2024]) -> 2.3973598e+08 | M108: =SUBTOTAL(109,Table210[FY2023]) -> 2.3723598e+08 | N108: =SUBTOTAL(109,Table210[FY2022]) -> 2.3523598e+08 | O108: =SUBTOTAL(109,Table210[FY2021]) -> 2.3323598e+08 | P108: =SUBTOTAL(109,Table210[FY2020]) -> 2.3098598e+08 | Q108: =SUBTOTAL(109,Table210[VARIANCE]) -> -47701121
D110: RANGE | F110: BUDGET CATEGORY | I110: FY2027 REQUESTED BUDGET | J110: FY26 FORECAST | K110: FY2025 | L110: FY2024 | M110: FY2023 | N110: FY2022 | O110: FY2021 | P110: FY2020 | Q110: VARIANCE
D111: 800-850 | F111: INSTRUCTION | I111: =SUM(I3:I53) -> 1.95764e+08 | J111: =SUM(J3:J53) -> 1.7047753e+08 | K111: =SUM(K3:K53) -> 1.7538085e+08 | L111: =SUM(L3:L53) -> 1.6392815e+08 | M111: =SUM(M3:M53) -> 1.6422914e+08 | N111: =SUM(N3:N53) -> 1.6471035e+08 | O111: =SUM(O3:O53) -> 1.6837717e+08 | P111: =SUM(P3:P53) -> 1.6646896e+08 | Q111: =J111-I111 -> -25286474
D112: 851-852 | F112: INSTRUCTION SUPPORT | I112: =SUM(I54:I55) -> 8811.3314 | J112: =SUM(J54:J55) -> 387572.41 | K112: =SUM(K54:K55) -> 416913.39 | L112: =SUM(L54:L55) -> 266929.66 | M112: =SUM(M54:M55) -> 142071.07 | N112: =SUM(N54:N55) -> 137461.28 | O112: =SUM(O54:O55) -> 170373.71 | P112: =SUM(P54:P55) -> 185710.23 | Q112: =J112-I112 -> 378761.08
D113: 853-862 | F113: PUPIL SERVICES | I113: =SUM(I56:I65) -> 17132985 | J113: =SUM(J56:J65) -> 15725431 | K113: =SUM(K56:K65) -> 16724718 | L113: =SUM(L56:L65) -> 15173757 | M113: =SUM(M56:M65) -> 15577905 | N113: =SUM(N56:N65) -> 14570831 | O113: =SUM(O56:O65) -> 14071993 | P113: =SUM(P56:P65) -> 14667910 | Q113: =J113-I113 -> -1407553.2
D114: 863-865 | F114: ADMINISTRATION | I114: =SUM(I66:I68) -> 1954442 | J114: =SUM(J66:J68) -> 2234818.1 | K114: =SUM(K66:K68) -> 2376320.3 | L114: =SUM(L66:L68) -> 1504703.2 | M114: =SUM(M66:M68) -> 1209912.8 | N114: =SUM(N66:N68) -> 1403605.3 | O114: =SUM(O66:O68) -> 1168365.7 | P114: =SUM(P66:P68) -> 1129645.2 | Q114: =J114-I114 -> 280376.19
D115: 866-899 | F115: SUPPORT SERVICES | I115: =SUM(I69:I106) -> 78701863 | J115: =SUM(J69:J106) -> 57035631 | K115: =SUM(K69:K106) -> 47837185 | L115: =SUM(L69:L106) -> 58862447 | M115: =SUM(M69:M106) -> 56076945 | N115: =SUM(N69:N106) -> 54413729 | O115: =SUM(O69:O106) -> 49448075 | P115: =SUM(P69:P106) -> 48533752 | Q115: =J115-I115 -> -21666232
G116: GRAND TOTAL | I116: =SUM(I111:I115) -> 2.935621e+08 | J116: =SUM(J111:J115) -> 2.4586098e+08 | K116: =SUM(K111:K115) -> 2.4273598e+08 | L116: =SUM(L111:L115) -> 2.3973598e+08 | M116: =SUM(M111:M115) -> 2.3723598e+08 | N116: =SUM(N111:N115) -> 2.3523598e+08 | O116: =SUM(O111:O115) -> 2.3323598e+08 | P116: =SUM(P111:P115) -> 2.3098598e+08 | Q116: =SUM(Q111:Q115) -> -47701121
K118: Refer to the bottom of the detail chart. | N118: Debits | Q118: -5000000
K119: Refer to the bottom of the detail chart. | N119: Credits | Q119: =#REF! -> #REF!
K120: Refer to the bottom of the detail chart. | N120: ISF Withdrawal | Q120: =#REF! -> #REF!
K121: Refer to the bottom of the detail chart. | N121: Gap Reduction Plan | Q121: =#REF! -> #REF!
K122: NET FY24-25 REMAINING SURPLUS / (DEFICIT ) | N122: FINAL BALANCE | Q122: =SUM(Q116:Q121) -> #REF!
A124: BUDGET DETAIL
A126: SCHOOL | B126: ORG DESCRIPTION | C126: FUND | D126: DEPT | E126: ORG | F126: DESC | G126: FTE | H126: OBJECT | I126: FY2027 REQUESTED BUDGET | J126: FY26 BUDGET | K126: FY2025 | L126: FY2024 | M126: FY2023 | N126: FY2022 | O126: FY2021 | P126: FY2020 | Q126: VARIANCE
A127: =IFERROR(VLOOKUP(RIGHT(E127,3)+0,[1]SchLocTable!$A$2:$B$47,2,FALSE)," ") | B127: =VLOOKUP(VALUE(D127),$D$3:F$106,3,FALSE) -> Principals | C127: 01 | D127: 800 | E127: 01800000 | F127: FULL TIME EARNED PAY | G127: 4 | H127: 51000 | I127: 358302.99 | J127: 320217.55 | K127: 166269.55 | L127: 0 | M127: 0 | N127: 0 | O127: 82117.72 | P127: 0 | Q127: =J127-I127 -> -38085.441
A128: =IFERROR(VLOOKUP(RIGHT(E128,3)+0,[1]SchLocTable!$A$2:$B$47,2,FALSE)," ") | B128: =VLOOKUP(VALUE(D128),$D$3:F$106,3,FALSE) -> Principals | C128: 01 | D128: 800 | E128: 01800000 | F128: HEALTH INSURANCE CITY SHARE | H128: 52917 | I128: 14096.16 | J128: 24358.06 | K128: 15611.46 | L128: 0 | M128: 0 | N128: 0 | O128: 10590.6 | P128: 0 | Q128: =J128-I128 -> 10261.9
A129: =IFERROR(VLOOKUP(RIGHT(E129,3)+0,[1]SchLocTable!$A$2:$B$47,2,FALSE)," ") | B129: =VLOOKUP(VALUE(D129),$D$3:F$106,3,FALSE) -> Principals | C129: 01 | D129: 800 | E129: 01800000 | F129: LONGEVITY PAY | H129: 51140 | I129: 1100 | J129: 0 | K129: 2200 | L129: 1300 | M129: 0 | N129: 0 | O129: 1300 | P129: 0 | Q129: =J129-I129 -> -1100
A130: =IFERROR(VLOOKUP(RIGHT(E130,3)+0,[1]SchLocTable!$A$2:$B$47,2,FALSE)," ") | B130: =VLOOKUP(VALUE(D130),$D$3:F$106,3,FALSE) -> Principals | C130: 01 | D130: 800 | E130: 01800000 | F130: MEDICARE | H130: 52360 | I130: 5195.3934 | J130: 5355.97 | K130: 2306.87 | L130: 152.25 | M130: 0 | N130: 0 | O130: 1062.72 | P130: 0 | Q130: =J130-I130 -> 160.57663
A131: =IFERROR(VLOOKUP(RIGHT(E131,3)+0,[1]SchLocTable!$A$2:$B$47,2,FALSE)," ") | B131: =VLOOKUP(VALUE(D131),$D$3:F$106,3,FALSE) -> Principals | C131: 01 | D131: 800 | E131: 01800000 | F131: PT TEMP/SEASONAL EARNED PA | H131: 51100 | I131: 0 | J131: 0 | K131: 12400 | L131: 9200 | M131: 0 | N131: 0 | O131: 0 | P131: 0 | Q131: =J131-I131 -> 0
A132: =IFERROR(VLOOKUP(RIGHT(E132,3)+0,[1]SchLocTable!$A$2:$B$47,2,FALSE)," ") -> Barnum | B132: =VLOOKUP(VALUE(D132),$D$3:F$106,3,FALSE) -> Principals | C132: 01 | D132: 800 | E132: 01800801 | F132: FULL TIME EARNED PAY | G132: 2 | H132: 51000 | I132: 319671.87 | J132: 165340 | K132: 143394.42 | L132: 161938.24 | M132: 155192.85 | N132: 141826.36 | O132: 139038.87 | P132: 136444.16 | Q132: =J132-I132 -> -154331.87
A133: =IFERROR(VLOOKUP(RIGHT(E133,3)+0,[1]SchLocTable!$A$2:$B$47,2,FALSE)," ") -> Barnum | B133: =VLOOKUP(VALUE(D133),$D$3:F$106,3,FALSE) -> Principals | C133: 01 | D133: 800 | E133: 01800801 | F133: HEALTH INSURANCE CITY SHARE | H133: 52917 | I133: 84691.776 | J133: 34530 | K133: 28699.86 | L133: 14254.32 | M133: 29423.98 | N133: 27567.54 | O133: 26394.05 | P133: 21540.96 | Q133: =J133-I133 -> -50161.776
A134: =IFERROR(VLOOKUP(RIGHT(E134,3)+0,[1]SchLocTable!$A$2:$B$47,2,FALSE)," ") -> Barnum | B134: =VLOOKUP(VALUE(D134),$D$3:F$106,3,FALSE) -> Principals | C134: 01 | D134: 800 | E134: 01800801 | F134: LONGEVITY PAY | H134: 51140 | I134: 0 | J134: 0 | K134: 0 | L134: 2600 | M134: 1300 | N134: 1100 | O134: 1100 | P134: 1100 | Q134: =J134-I134 -> 0
A135: =IFERROR(VLOOKUP(RIGHT(E135,3)+0,[1]SchLocTable!$A$2:$B$47,2,FALSE)," ") -> Barnum | B135: =VLOOKUP(VALUE(D135),$D$3:F$106,3,FALSE) -> Principals | C135: 01 | D135: 800 | E135: 01800801 | F135: MEDICARE | H135: 52360 | I135: 4635.2421 | J135: 2198 | K135: 1921.15 | L135: 2303.02 | M135: 2101.02 | N135: 1916.8 | O135: 1886.71 | P135: 2357.45 | Q135: =J135-I135 -> -2437.2421
A136: =IFERROR(VLOOKUP(RIGHT(E136,3)+0,[1]SchLocTable!$A$2:$B$47,2,FALSE)," ") -> Beardsley | B136: =VLOOKUP(VALUE(D136),$D$3:F$106,3,FALSE) -> Principals | C136: 01 | D136: 800 | E136: 01800802 | F136: FULL TIME EARNED PAY | G136: 1 | H136: 51000 | I136: 168466.87 | J136: 174796.16 | K136: 245045.35 | L136: 135479.91 | M136: 117737.92 | N136: 166481.77 | O136: 148653.77 | P136: 147653.76 | Q136: =J136-I136 -> 6329.2887
A137: =IFERROR(VLOOKUP(RIGHT(E137,3)+0,[1]SchLocTable!$A$2:$B$47,2,FALSE)," ") -> Beardsley | B137: =VLOOKUP(VALUE(D137),$D$3:F$106,3,FALSE) -> Principals | C137: 01 | D137: 800 | E137: 01800802 | F137: HEALTH INSURANCE CITY SHARE | H137: 52917 | I137: 33509.424 | J137: 31413.97 | K137: 51763.69 | L137: 23815.25 | M137: 20832.94 | N137: 25751.63 | O137: 21970.56 | P137: 20881.89 | Q137: =J137-I137 -> -2095.454
A138: =IFERROR(VLOOKUP(RIGHT(E138,3)+0,[1]SchLocTable!$A$2:$B$47,2,FALSE)," ") -> Beardsley | B138: =VLOOKUP(VALUE(D138),$D$3:F$106,3,FALSE) -> Principals | C138: 01 | D138: 800 | E138: 01800802 | F138: LONGEVITY PAY | H138: 51140 | I138: 1300 | J138: 0 | K138: 1300 | L138: 1300 | M138: 1300 | N138: 1500 | O138: 1500 | P138: 1500 | Q138: =J138-I138 -> -1300
A139: =IFERROR(VLOOKUP(RIGHT(E139,3)+0,[1]SchLocTable!$A$2:$B$47,2,FALSE)," ") -> Beardsley | B139: =VLOOKUP(VALUE(D139),$D$3:F$106,3,FALSE) -> Principals | C139: 01 | D139: 800 | E139: 01800802 | F139: MEDICARE | H139: 52360 | I139: 2442.7696 | J139: 2475.61 | K139: 3262.19 | L139: 1846.91 | M139: 1607.68 | N139: 3071.62 | O139: 2092.57 | P139: 2086.63 | Q139: =J139-I139 -> 32.840366
A140: =IFERROR(VLOOKUP(RIGHT(E140,3)+0,[1]SchLocTable!$A$2:$B$47,2,FALSE)," ") -> Black Rock | B140: =VLOOKUP(VALUE(D140),$D$3:F$106,3,FALSE) -> Principals | C140: 01 | D140: 800 | E140: 01800803 | F140: FULL TIME EARNED PAY | G140: 1 | H140: 51000 | I140: 172210.67 | J140: 306065.8 | K140: 261159.91 | L140: 255178.71 | M140: 253868.02 | N140: 274224.43 | O140: 269479.95 | P140: 265844.19 | Q140: =J140-I140 -> 133855.13
A141: =IFERROR(VLOOKUP(RIGHT(E141,3)+0,[1]SchLocTable!$A$2:$B$47,2,FALSE)," ") -> Black Rock | B141: =VLOOKUP(VALUE(D141),$D$3:F$106,3,FALSE) -> Principals | C141: 01 | D141: 800 | E141: 01800803 | F141: HEALTH INSURANCE CITY SHARE | H141: 52917 | I141: 41742.168 | J141: 61815 | K141: 61900.93 | L141: 59341.34 | M141: 58630.25 | N141: 35344.68 | O141: 33852.08 | P141: 32196.78 | Q141: =J141-I141 -> 20072.832
A142: =IFERROR(VLOOKUP(RIGHT(E142,3)+0,[1]SchLocTable!$A$2:$B$47,2,FALSE)," ") -> Black Rock | B142: =VLOOKUP(VALUE(D142),$D$3:F$106,3,FALSE) -> Principals | C142: 01 | D142: 800 | E142: 01800803 | F142: LONGEVITY PAY | H142: 51140 | I142: 1400 | J142: 0 | K142: 1400 | L142: 1300 | M142: 1300 | N142: 1300 | O142: 1100 | P142: 1100 | Q142: =J142-I142 -> -1400
A143: =IFERROR(VLOOKUP(RIGHT(E143,3)+0,[1]SchLocTable!$A$2:$B$47,2,FALSE)," ") -> Black Rock | B143: =VLOOKUP(VALUE(D143),$D$3:F$106,3,FALSE) -> Principals | C143: 01 | D143: 800 | E143: 01800803 | F143: MEDICARE | H143: 52360 | I143: 2497.0548 | J143: 4102 | K143: 3435.92 | L143: 3359.69 | M143: 3352.45 | N143: 3816.67 | O143: 3757.52 | P143: 3719.39 | Q143: =J143-I143 -> 1604.9452
A144: =IFERROR(VLOOKUP(RIGHT(E144,3)+0,[1]SchLocTable!$A$2:$B$47,2,FALSE)," ") -> Bryant | B144: =VLOOKUP(VALUE(D144),$D$3:F$106,3,FALSE) -> Principals | C144: 01 | D144: 800 | E144: 01800804 | F144: FULL TIME EARNED PAY | G144: 1 | H144: 51000 | I144: 172221.14 | J144: 180663.46 | K144: 268549.56 | L144: 158560.51 | M144: 156626.45 | N144: 153628.8 | O144: 151341.62 | P144: 150323.29 | Q144: =J144-I144 -> 8442.3155
A145: =IFERROR(VLOOKUP(RIGHT(E145,3)+0,[1]SchLocTable!$A$2:$B$47,2,FALSE)," ") -> Bryant | B145: =VLOOKUP(VALUE(D145),$D$3:F$106,3,FALSE) -> Principals | C145: 01 | D145: 800 | E145: 01800804 | F145: HEALTH INSURANCE CITY SHARE | H145: 52917 | I145: 14579.448 | J145: 15836.32 | K145: 39682.99 | L145: 10357.4 | M145: 10213.83 | N145: 9556.53 | O145: 9149.09 | P145: 8703.07 | Q145: =J145-I145 -> 1256.872
A146: =IFERROR(VLOOKUP(RIGHT(E146,3)+0,[1]SchLocTable!$A$2:$B$47,2,FALSE)," ") -> Bryant | B146: =VLOOKUP(VALUE(D146),$D$3:F$106,3,FALSE) -> Principals | C146: 01 | D146: 800 | E146: 01800804 | F146: LONGEVITY PAY | H146: 51140 | I146: 1500 | J146: 0 | K146: 1500 | L146: 1500 | M146: 1500 | N146: 1500 | O146: 1400 | P146: 1400 | Q146: =J146-I146 -> -1500
A147: =IFERROR(VLOOKUP(RIGHT(E147,3)+0,[1]SchLocTable!$A$2:$B$47,2,FALSE)," ") -> Bryant | B147: =VLOOKUP(VALUE(D147),$D$3:F$106,3,FALSE) -> Principals | C147: 01 | D147: 800 | E147: 01800804 | F147: MEDICARE | H147: 52360 | I147: 2497.2066 | J147: 2584.07 | K147: 3698.49 | L147: 2267.57 | M147: 2237.65 | N147: 2209.34 | O147: 2177.89 | P147: 2167.38 | Q147: =J147-I147 -> 86.863404
A148: =IFERROR(VLOOKUP(RIGHT(E148,3)+0,[1]SchLocTable!$A$2:$B$47,2,FALSE)," ") -> Columbus | B148: =VLOOKUP(VALUE(D148),$D$3:F$106,3,FALSE) -> Principals | C148: 01 | D148: 800 | E148: 01800805 | F148: FULL TIME EARNED PAY | G148: 2 | H148: 51000 | I148: 322118.26 | J148: 308652 | K148: 299954.32 | L148: 278937.1 | M148: 274647.89 | N148: 268457.02 | O148: 248069.62 | P148: 217064.89 | Q148: =J148-I148 -> -13466.256
A149: =IFERROR(VLOOKUP(RIGHT(E149,3)+0,[1]SchLocTable!$A$2:$B$47,2,FALSE)," ") -> Columbus | B149: =VLOOKUP(VALUE(D149),$D$3:F$106,3,FALSE) -> Principals | C149: 01 | D149: 800 | E149: 01800805 | F149: HEALTH INSURANCE CITY SHARE | H149: 52917 | I149: 57753.696 | J149: 46519 | K149: 49567.76 | L149: 55568.54 | M149: 51334.99 | N149: 22939.05 | O149: 21970.56 | P149: 34075.11 | Q149: =J149-I149 -> -11234.696
A150: =IFERROR(VLOOKUP(RIGHT(E150,3)+0,[1]SchLocTable!$A$2:$B$47,2,FALSE)," ") -> Columbus | B150: =VLOOKUP(VALUE(D150),$D$3:F$106,3,FALSE) -> Principals | C150: 01 | D150: 800 | E150: 01800805 | F150: LONGEVITY PAY | H150: 51140 | I150: 2800 | J150: 0 | K150: 2800 | L150: 2700 | M150: 1400 | N150: 1400 | O150: 1400 | P150: 1400 | Q150: =J150-I150 -> -2800
A151: =IFERROR(VLOOKUP(RIGHT(E151,3)+0,[1]SchLocTable!$A$2:$B$47,2,FALSE)," ") -> Columbus | B151: =VLOOKUP(VALUE(D151),$D$3:F$106,3,FALSE) -> Principals | C151: 01 | D151: 800 | E151: 01800805 | F151: MEDICARE | H151: 52360 | I151: 4670.7147 | J151: 4247 | K151: 4153.23 | L151: 3813.12 | M151: 3755 | N151: 3806.83 | O151: 3518.24 | P151: 3001.11 | Q151: =J151-I151 -> -423.71471
A152: =IFERROR(VLOOKUP(RIGHT(E152,3)+0,[1]SchLocTable!$A$2:$B$47,2,FALSE)," ") -> Edison | B152: =VLOOKUP(VALUE(D152),$D$3:F$106,3,FALSE) -> Principals | C152: 01 | D152: 800 | E152: 01800807 | F152: FULL TIME EARNED PAY | G152: 1 | H152: 51000 | I152: 188725.18 | J152: 182004.95 | K152: 225795.76 | L152: 158560.51 | M152: 156626.45 | N152: 152400.75 | O152: 141805.19 | P152: 137900.79 | Q152: =J152-I152 -> -6720.2321
A153: =IFERROR(VLOOKUP(RIGHT(E153,3)+0,[1]SchLocTable!$A$2:$B$47,2,FALSE)," ") -> Edison | B153: =VLOOKUP(VALUE(D153),$D$3:F$106,3,FALSE) -> Principals | C153: 01 | D153: 800 | E153: 01800807 | F153: HEALTH INSURANCE CITY SHARE | H153: 52917 | I153: 14579.448 | J153: 12068.08 | K153: 15911.77 | L153: 24208.43 | M153: 23887.98 | N153: 22335.63 | O153: 21395.29 | P153: 20417.54 | Q153: =J153-I153 -> -2511.368
A154: =IFERROR(VLOOKUP(RIGHT(E154,3)+0,[1]SchLocTable!$A$2:$B$47,2,FALSE)," ") -> Edison | B154: =VLOOKUP(VALUE(D154),$D$3:F$106,3,FALSE) -> Principals | C154: 01 | D154: 800 | E154: 01800807 | F154: LONGEVITY PAY | H154: 51140 | I154: 0 | J154: 0 | K154: 0 | L154: 1500 | M154: 1500 | N154: 1500 | O154: 1500 | P154: 1400 | Q154: =J154-I154 -> 0
A155: =IFERROR(VLOOKUP(RIGHT(E155,3)+0,[1]SchLocTable!$A$2:$B$47,2,FALSE)," ") -> Edison | B155: =VLOOKUP(VALUE(D155),$D$3:F$106,3,FALSE) -> Principals | C155: 01 | D155: 800 | E155: 01800807 | F155: MEDICARE | H155: 52360 | I155: 2736.5151 | J155: 2639.27 | K155: 3950.87 | L155: 2236.12 | M155: 2209.79 | N155: 2158.07 | O155: 2008.2 | P155: 2001.4 | Q155: =J155-I155 -> -97.24514
A156: =IFERROR(VLOOKUP(RIGHT(E156,3)+0,[1]SchLocTable!$A$2:$B$47,2,FALSE)," ") -> Edison | B156: =VLOOKUP(VALUE(D156),$D$3:F$106,3,FALSE) -> Principals | C156: 01 | D156: 800 | E156: 01800807 | F156: UNUSED SICK TIME PAYOUT | H156: 51154 | I156: 0 | J156: 0 | K156: 49172.85 | L156: 0 | M156: 0 | N156: 0 | O156: 0 | P156: 0 | Q156: =J156-I156 -> 0
A157: =IFERROR(VLOOKUP(RIGHT(E157,3)+0,[1]SchLocTable!$A$2:$B$47,2,FALSE)," ") -> Marin | B157: =VLOOKUP(VALUE(D157),$D$3:F$106,3,FALSE) -> Principals | C157: 01 | D157: 800 | E157: 01800810 | F157: FULL TIME EARNED PAY | G157: 2 | H157: 51000 | I157: 320855.74 | J157: 308652 | K157: 344697.24 | L157: 361872.72 | M157: 329388.34 | N157: 349957.21 | O157: 321587.34 | P157: 377896.63 | Q157: =J157-I157 -> -12203.735
A158: =IFERROR(VLOOKUP(RIGHT(E158,3)+0,[1]SchLocTable!$A$2:$B$47,2,FALSE)," ") -> Marin | B158: =VLOOKUP(VALUE(D158),$D$3:F$106,3,FALSE) -> Principals | C158: 01 | D158: 800 | E158: 01800810 | F158: HEALTH INSURANCE CITY SHARE | H158: 52917 | I158: 48514.128 | J158: 36944 | K158: 52837.53 | L158: 67290.31 | M158: 42495.66 | N158: 51861.85 | O158: 33495.99 | P158: 41075.74 | Q158: =J158-I158 -> -11570.128
A159: =IFERROR(VLOOKUP(RIGHT(E159,3)+0,[1]SchLocTable!$A$2:$B$47,2,FALSE)," ") -> Marin | B159: =VLOOKUP(VALUE(D159),$D$3:F$106,3,FALSE) -> Principals | C159: 01 | D159: 800 | E159: 01800810 | F159: LONGEVITY PAY | H159: 51140 | I159: 2900 | J159: 0 | K159: 2700 | L159: 2700 | M159: 2700 | N159: 2700 | O159: 1400 | P159: 3900 | Q159: =J159-I159 -> -2900
A160: =IFERROR(VLOOKUP(RIGHT(E160,3)+0,[1]SchLocTable!$A$2:$B$47,2,FALSE)," ") -> Marin | B160: =VLOOKUP(VALUE(D160),$D$3:F$106,3,FALSE) -> Principals | C160: 01 | D160: 800 | E160: 01800810 | F160: MEDICARE | H160: 52360 | I160: 4652.4082 | J160: 4289 | K160: 4722.43 | L160: 4882.98 | M160: 4569.87 | N160: 4911.91 | O160: 4617.9 | P160: 5356.78 | Q160: =J160-I160 -> -363.40816
A161: =IFERROR(VLOOKUP(RIGHT(E161,3)+0,[1]SchLocTable!$A$2:$B$47,2,FALSE)," ") -> Hall | B161: =VLOOKUP(VALUE(D161),$D$3:F$106,3,FALSE) -> Principals | C161: 01 | D161: 800 | E161: 01800811 | F161: FULL TIME EARNED PAY | G161: 1 | H161: 51000 | I161: 171365.06 | J161: 166233.9 | K161: 219986.86 | L161: 159166 | M161: 157224.67 | N161: 134460.26 | O161: 135867.69 | P161: 177385.06 | Q161: =J161-I161 -> -5131.1575
A162: =IFERROR(VLOOKUP(RIGHT(E162,3)+0,[1]SchLocTable!$A$2:$B$47,2,FALSE)," ") -> Hall | B162: =VLOOKUP(VALUE(D162),$D$3:F$106,3,FALSE) -> Principals | C162: 01 | D162: 800 | E162: 01800811 | F162: HEALTH INSURANCE CITY SHARE | H162: 52917 | I162: 35098.128 | J162: 29050.25 | K162: 30228.73 | L162: 24894.78 | M162: 24455.15 | N162: 8349.36 | O162: 8801.58 | P162: 22960.77 | Q162: =J162-I162 -> -6047.878
A163: =IFERROR(VLOOKUP(RIGHT(E163,3)+0,[1]SchLocTable!$A$2:$B$47,2,FALSE)," ") -> Hall | B163: =VLOOKUP(VALUE(D163),$D$3:F$106,3,FALSE) -> Principals | C163: 01 | D163: 800 | E163: 01800811 | F163: LONGEVITY PAY | H163: 51140 | I163: 1400 | J163: 0 | K163: 1400 | L163: 1400 | M163: 1400 | N163: 1400 | O163: 1300 | P163: 1500 | Q163: =J163-I163 -> -1400
A164: =IFERROR(VLOOKUP(RIGHT(E164,3)+0,[1]SchLocTable!$A$2:$B$47,2,FALSE)," ") -> Hall | B164: =VLOOKUP(VALUE(D164),$D$3:F$106,3,FALSE) -> Principals | C164: 01 | D164: 800 | E164: 01800811 | F164: MEDICARE | H164: 52360 | I164: 2484.7933 | J164: 2373.59 | K164: 3019.87 | L164: 2146.85 | M164: 2112.97 | N164: 1890.38 | O164: 2298.06 | P164: 0 | Q164: =J164-I164 -> -111.20333
A165: =IFERROR(VLOOKUP(RIGHT(E165,3)+0,[1]SchLocTable!$A$2:$B$47,2,FALSE)," ") -> Hallen | B165: =VLOOKUP(VALUE(D165),$D$3:F$106,3,FALSE) -> Principals | C165: 01 | D165: 800 | E165: 01800812 | F165: FULL TIME EARNED PAY | G165: 1 | H165: 51000 | I165: 168466.87 | J165: 305717 | K165: 284096.77 | L165: 155744.95 | M165: 153845.92 | N165: 150901.01 | O165: 148653.77 | P165: 147653.76 | Q165: =J165-I165 -> 137250.13
A166: =IFERROR(VLOOKUP(RIGHT(E166,3)+0,[1]SchLocTable!$A$2:$B$47,2,FALSE)," ") -> Hallen | B166: =VLOOKUP(VALUE(D166),$D$3:F$106,3,FALSE) -> Principals | C166: 01 | D166: 800 | E166: 01800812 | F166: HEALTH INSURANCE CITY SHARE | H166: 52917 | I166: 43174.248 | J166: 41169.9 | K166: 40270.22 | L166: 30673.76 | M166: 30248.2 | N166: 28305.59 | O166: 27097.64 | P166: 25779.44 | Q166: =J166-I166 -> -2004.348
A167: =IFERROR(VLOOKUP(RIGHT(E167,3)+0,[1]SchLocTable!$A$2:$B$47,2,FALSE)," ") -> Hallen | B167: =VLOOKUP(VALUE(D167),$D$3:F$106,3,FALSE) -> Principals | C167: 01 | D167: 800 | E167: 01800812 | F167: LONGEVITY PAY | H167: 51140 | I167: 1500 | J167: 0 | K167: 1400 | L167: 1400 | M167: 1400 | N167: 1400 | O167: 0 | P167: 0 | Q167: =J167-I167 -> -1500
A168: =IFERROR(VLOOKUP(RIGHT(E168,3)+0,[1]SchLocTable!$A$2:$B$47,2,FALSE)," ") -> Hallen | B168: =VLOOKUP(VALUE(D168),$D$3:F$106,3,FALSE) -> Principals | C168: 01 | D168: 800 | E168: 01800812 | F168: MEDICARE | H168: 52360 | I168: 2442.7696 | J168: 4170 | K168: 3406.78 | L168: 2087.83 | M168: 2059.22 | N168: 2048.39 | O168: 2010.91 | P168: 1995.72 | Q168: =J168-I168 -> 1727.2304
A169: =IFERROR(VLOOKUP(RIGHT(E169,3)+0,[1]SchLocTable!$A$2:$B$47,2,FALSE)," ") -> Hooker | B169: =VLOOKUP(VALUE(D169),$D$3:F$106,3,FALSE) -> Principals | C169: 01 | D169: 800 | E169: 01800813 | F169: FULL TIME EARNED PAY | G169: 1 | H169: 51000 | I169: 260517.03 | J169: 179925.59 | K169: 268549.56 | L169: 196360.51 | M169: 155192.85 | N169: 141826.36 | O169: 139038.87 | P169: 137331.12 | Q169: =J169-I169 -> -80591.444
A170: =IFERROR(VLOOKUP(RIGHT(E170,3)+0,[1]SchLocTable!$A$2:$B$47,2,FALSE)," ") -> Hooker | B170: =VLOOKUP(VALUE(D170),$D$3:F$106,3,FALSE) -> Principals | C170: 01 | D170: 800 | E170: 01800813 | F170: GENERAL STIPENDS | H170: 51400 | I170: 0 | J170: 0 | K170: 0 | L170: 900 | M170: 0 | N170: 0 | O170: 0 | P170: 0 | Q170: =J170-I170 -> 0
A171: =IFERROR(VLOOKUP(RIGHT(E171,3)+0,[1]SchLocTable!$A$2:$B$47,2,FALSE)," ") -> Hooker | B171: =VLOOKUP(VALUE(D171),$D$3:F$106,3,FALSE) -> Principals | C171: 01 | D171: 800 | E171: 01800813 | F171: HEALTH INSURANCE CITY SHARE | H171: 52917 | I171: 50222.328 | J171: 39404.44 | K171: 58854.66 | L171: 30673.76 | M171: 30248.2 | N171: 28305.59 | O171: 27097.64 | P171: 25779.44 | Q171: =J171-I171 -> -10817.888
A172: =IFERROR(VLOOKUP(RIGHT(E172,3)+0,[1]SchLocTable!$A$2:$B$47,2,FALSE)," ") -> Hooker | B172: =VLOOKUP(VALUE(D172),$D$3:F$106,3,FALSE) -> Principals | C172: 01 | D172: 800 | E172: 01800813 | F172: LONGEVITY PAY | H172: 51140 | I172: 1300 | J172: 0 | K172: 1300 | L172: 1100 | M172: 1100 | N172: 1100 | O172: 1100 | P172: 0 | Q172: =J172-I172 -> -1300
A173: =IFERROR(VLOOKUP(RIGHT(E173,3)+0,[1]SchLocTable!$A$2:$B$47,2,FALSE)," ") -> Hooker | B173: =VLOOKUP(VALUE(D173),$D$3:F$106,3,FALSE) -> Principals | C173: 01 | D173: 800 | E173: 01800813 | F173: MEDICARE | H173: 52360 | I173: 3777.497 | J173: 2542.9 | K173: 3575.47 | L173: 2715.29 | M173: 2111.11 | N173: 1928.58 | O173: 1896.91 | P173: 1867.13 | Q173: =J173-I173 -> -1234.597
A174: =IFERROR(VLOOKUP(RIGHT(E174,3)+0,[1]SchLocTable!$A$2:$B$47,2,FALSE)," ") -> Batalla | B174: =VLOOKUP(VALUE(D174),$D$3:F$106,3,FALSE) -> Principals | C174: 01 | D174: 800 | E174: 01800814 | F174: FULL TIME EARNED PAY | G174: 2 | H174: 51000 | I174: 353595.09 | J174: 342486.72 | K174: 458791.09 | L174: 268062.34 | M174: 296781 | N174: 276222.08 | O174: 375939.14 | P174: 357959.14 | Q174: =J174-I174 -> -11108.372
A175: =IFERROR(VLOOKUP(RIGHT(E175,3)+0,[1]SchLocTable!$A$2:$B$47,2,FALSE)," ") -> Batalla | B175: =VLOOKUP(VALUE(D175),$D$3:F$106,3,FALSE) -> Principals | C175: 01 | D175: 800 | E175: 01800814 | F175: HEALTH INSURANCE CITY SHARE | H175: 52917 | I175: 14096.16 | J175: 11674.89 | K175: 42215.62 | L175: 35761.94 | M175: 13684.74 | N175: 37739.01 | O175: 39451.2 | P175: 42800.93 | Q175: =J175-I175 -> -2421.27
A176: =IFERROR(VLOOKUP(RIGHT(E176,3)+0,[1]SchLocTable!$A$2:$B$47,2,FALSE)," ") -> Batalla | B176: =VLOOKUP(VALUE(D176),$D$3:F$106,3,FALSE) -> Principals | C176: 01 | D176: 800 | E176: 01800814 | F176: LONGEVITY PAY | H176: 51140 | I176: 1400 | J176: 0 | K176: 2700 | L176: 0 | M176: 3500 | N176: 2400 | O176: 2400 | P176: 0 | Q176: =J176-I176 -> -1400
A177: =IFERROR(VLOOKUP(RIGHT(E177,3)+0,[1]SchLocTable!$A$2:$B$47,2,FALSE)," ") -> Batalla | B177: =VLOOKUP(VALUE(D177),$D$3:F$106,3,FALSE) -> Principals | C177: 01 | D177: 800 | E177: 01800814 | F177: MEDICARE | H177: 52360 | I177: 5127.1288 | J177: 4957.27 | K177: 6461.58 | L177: 3727.94 | M177: 4412.11 | N177: 3967.98 | O177: 5603.49 | P177: 5708.87 | Q177: =J177-I177 -> -169.85883
A178: =IFERROR(VLOOKUP(RIGHT(E178,3)+0,[1]SchLocTable!$A$2:$B$47,2,FALSE)," ") -> Info Tech HS | B178: =VLOOKUP(VALUE(D178),$D$3:F$106,3,FALSE) -> Principals | C178: 01 | D178: 800 | E178: 01800815 | F178: LONGEVITY PAY | H178: 51140 | I178: 0 | J178: 0 | K178: 0 | L178: 2900 | M178: 0 | N178: 0 | O178: 0 | P178: 0 | Q178: =J178-I178 -> 0
A179: =IFERROR(VLOOKUP(RIGHT(E179,3)+0,[1]SchLocTable!$A$2:$B$47,2,FALSE)," ") -> Info Tech HS | B179: =VLOOKUP(VALUE(D179),$D$3:F$106,3,FALSE) -> Principals | C179: 01 | D179: 800 | E179: 01800815 | F179: MEDICARE | H179: 52360 | I179: 0 | J179: 0 | K179: 0 | L179: 42.05 | M179: 0 | N179: 0 | O179: 0 | P179: 0 | Q179: =J179-I179 -> 0
A180: =IFERROR(VLOOKUP(RIGHT(E180,3)+0,[1]SchLocTable!$A$2:$B$47,2,FALSE)," ") -> BMA HS | B180: =VLOOKUP(VALUE(D180),$D$3:F$106,3,FALSE) -> Principals | C180: 01 | D180: 800 | E180: 01800816 | F180: FULL TIME EARNED PAY | G180: 2 | H180: 51000 | I180: 325211.6 | J180: 313194.79 | K180: 274734.41 | L180: 164623.78 | M180: 162616.04 | N180: 158353.39 | O180: 148308.41 | P180: 147386.86 | Q180: =J180-I180 -> -12016.815
A181: =IFERROR(VLOOKUP(RIGHT(E181,3)+0,[1]SchLocTable!$A$2:$B$47,2,FALSE)," ") -> BMA HS | B181: =VLOOKUP(VALUE(D181),$D$3:F$106,3,FALSE) -> Principals | C181: 01 | D181: 800 | E181: 01800816 | F181: HEALTH INSURANCE CITY SHARE | H181: 52917 | I181: 75676.848 | J181: 63549.2 | K181: 60047.86 | L181: 17585.24 | M181: 10213.83 | N181: 9556.53 | O181: 9149.09 | P181: 8703.07 | Q181: =J181-I181 -> -12127.648
A182: =IFERROR(VLOOKUP(RIGHT(E182,3)+0,[1]SchLocTable!$A$2:$B$47,2,FALSE)," ") -> BMA HS | B182: =VLOOKUP(VALUE(D182),$D$3:F$106,3,FALSE) -> Principals | C182: 01 | D182: 800 | E182: 01800816 | F182: LONGEVITY PAY | H182: 51140 | I182: 0 | J182: 0 | K182: 0 | L182: 1400 | M182: 1400 | N182: 1400 | O182: 1300 | P182: 1300 | Q182: =J182-I182 -> 0
A183: =IFERROR(VLOOKUP(RIGHT(E183,3)+0,[1]SchLocTable!$A$2:$B$47,2,FALSE)," ") -> BMA HS | B183: =VLOOKUP(VALUE(D183),$D$3:F$106,3,FALSE) -> Principals | C183: 01 | D183: 800 | E183: 01800816 | F183: MEDICARE | H183: 52360 | I183: 4715.5683 | J183: 4163 | K183: 3610.8 | L183: 2339.55 | M183: 2370.85 | N183: 2296.77 | O183: 2150.65 | P183: 2140.65 | Q183: =J183-I183 -> -552.56827
A184: =IFERROR(VLOOKUP(RIGHT(E184,3)+0,[1]SchLocTable!$A$2:$B$47,2,FALSE)," ") -> Park City Magnet | B184: =VLOOKUP(VALUE(D184),$D$3:F$106,3,FALSE) -> Principals | C184: 01 | D184: 800 | E184: 01800817 | F184: FULL TIME EARNED PAY | G184: 1 | H184: 51000 | I184: 171514.32 | J184: 177711.49 | K184: 247601.53 | L184: 138036.89 | M184: 136369.03 | N184: 133856.56 | O184: 141805.19 | P184: 140061.59 | Q184: =J184-I184 -> 6197.1743
A185: =IFERROR(VLOOKUP(RIGHT(E185,3)+0,[1]SchLocTable!$A$2:$B$47,2,FALSE)," ") -> Park City Magnet | B185: =VLOOKUP(VALUE(D185),$D$3:F$106,3,FALSE) -> Principals | C185: 01 | D185: 800 | E185: 01800817 | F185: HEALTH INSURANCE CITY SHARE | H185: 52917 | I185: 41742.168 | J185: 35810.62 | K185: 40569.28 | L185: 29828.32 | M185: 29423.98 | N185: 22123.29 | O185: 9149.09 | P185: 8703.07 | Q185: =J185-I185 -> -5931.548
A186: =IFERROR(VLOOKUP(RIGHT(E186,3)+0,[1]SchLocTable!$A$2:$B$47,2,FALSE)," ") -> Park City Magnet | B186: =VLOOKUP(VALUE(D186),$D$3:F$106,3,FALSE) -> Principals | C186: 01 | D186: 800 | E186: 01800817 | F186: MEDICARE | H186: 52360 | I186: 2486.9576 | J186: 2523.55 | K186: 3350.53 | L186: 1828.93 | M186: 1809.29 | N186: 1816.53 | O186: 2016.77 | P186: 1993.83 | Q186: =J186-I186 -> 36.592422
A187: =IFERROR(VLOOKUP(RIGHT(E187,3)+0,[1]SchLocTable!$A$2:$B$47,2,FALSE)," ") -> Madison | B187: =VLOOKUP(VALUE(D187),$D$3:F$106,3,FALSE) -> Principals | C187: 01 | D187: 800 | E187: 01800820 | F187: FULL TIME EARNED PAY | G187: 2 | H187: 51000 | I187: 320041.53 | J187: 293946.09 | K187: 271187.43 | L187: 158560.51 | M187: 156626.45 | N187: 152400.75 | O187: 141805.19 | P187: 166137.06 | Q187: =J187-I187 -> -26095.436
A188: =IFERROR(VLOOKUP(RIGHT(E188,3)+0,[1]SchLocTable!$A$2:$B$47,2,FALSE)," ") -> Madison | B188: =VLOOKUP(VALUE(D188),$D$3:F$106,3,FALSE) -> Principals | C188: 01 | D188: 800 | E188: 01800820 | F188: LONGEVITY PAY | H188: 51140 | I188: 1300 | J188: 0 | K188: 1300 | L188: 1300 | M188: 1300 | N188: 1300 | O188: 1100 | P188: 1100 | Q188: =J188-I188 -> -1300
A189: =IFERROR(VLOOKUP(RIGHT(E189,3)+0,[1]SchLocTable!$A$2:$B$47,2,FALSE)," ") -> Madison | B189: =VLOOKUP(VALUE(D189),$D$3:F$106,3,FALSE) -> Principals | C189: 01 | D189: 800 | E189: 01800820 | F189: MEDICARE | H189: 52360 | I189: 4640.6021 | J189: 4265.17 | K189: 3966.9 | L189: 2325.26 | M189: 2296.81 | N189: 2235.31 | O189: 2077.26 | P189: 2403.21 | Q189: =J189-I189 -> -375.43213
A190: =IFERROR(VLOOKUP(RIGHT(E190,3)+0,[1]SchLocTable!$A$2:$B$47,2,FALSE)," ") -> Classical Studies Academy | B190: =VLOOKUP(VALUE(D190),$D$3:F$106,3,FALSE) -> Principals | C190: 01 | D190: 800 | E190: 01800821 | F190: FULL TIME EARNED PAY | G190: 2 | H190: 51000 | I190: 349121.37 | J190: 350897.54 | K190: 430280.91 | L190: 300463.07 | M190: 311819.3 | N190: 295455.16 | O190: 289976.17 | P190: 284681.59 | Q190: =J190-I190 -> 1776.1674
A191: =IFERROR(VLOOKUP(RIGHT(E191,3)+0,[1]SchLocTable!$A$2:$B$47,2,FALSE)," ") -> Classical Studies Academy | B191: =VLOOKUP(VALUE(D191),$D$3:F$106,3,FALSE) -> Principals | C191: 01 | D191: 800 | E191: 01800821 | F191: HEALTH INSURANCE CITY SHARE | H191: 52917 | I191: 35535.552 | J191: 32396.38 | K191: 49178.16 | L191: 27105.55 | M191: 54362.45 | N191: 50954.59 | O191: 47032.7 | P191: 33820.75 | Q191: =J191-I191 -> -3139.172
A192: =IFERROR(VLOOKUP(RIGHT(E192,3)+0,[1]SchLocTable!$A$2:$B$47,2,FALSE)," ") -> Classical Studies Academy | B192: =VLOOKUP(VALUE(D192),$D$3:F$106,3,FALSE) -> Principals | C192: 01 | D192: 800 | E192: 01800821 | F192: LONGEVITY PAY | H192: 51140 | I192: 1500 | J192: 0 | K192: 1500 | L192: 1500 | M192: 2600 | N192: 2500 | O192: 2500 | P192: 1100 | Q192: =J192-I192 -> -1500
A193: =IFERROR(VLOOKUP(RIGHT(E193,3)+0,[1]SchLocTable!$A$2:$B$47,2,FALSE)," ") -> Classical Studies Academy | B193: =VLOOKUP(VALUE(D193),$D$3:F$106,3,FALSE) -> Principals | C193: 01 | D193: 800 | E193: 01800821 | F193: MEDICARE | H193: 52360 | I193: 5062.2599 | J193: 5057.7 | K193: 6081.48 | L193: 4329.31 | M193: 4333.85 | N193: 4098.87 | O193: 4045.26 | P193: 4054.19 | Q193: =J193-I193 -> -4.5599027
A194: =IFERROR(VLOOKUP(RIGHT(E194,3)+0,[1]SchLocTable!$A$2:$B$47,2,FALSE)," ") -> Tisdale | B194: =VLOOKUP(VALUE(D194),$D$3:F$106,3,FALSE) -> Principals | C194: 01 | D194: 800 | E194: 01800822 | F194: FULL TIME EARNED PAY | G194: 2 | H194: 51000 | I194: 325841.68 | J194: 312222 | K194: 305725.23 | L194: 299730.74 | M194: 313120.64 | N194: 303385.64 | O194: 290754.08 | P194: 287926.81 | Q194: =J194-I194 -> -13619.678
A195: =IFERROR(VLOOKUP(RIGHT(E195,3)+0,[1]SchLocTable!$A$2:$B$47,2,FALSE)," ") -> Tisdale | B195: =VLOOKUP(VALUE(D195),$D$3:F$106,3,FALSE) -> Principals | C195: 01 | D195: 800 | E195: 01800822 | F195: HEALTH INSURANCE CITY SHARE | H195: 52917 | I195: 57753.456 | J195: 44261 | K195: 40878.72 | L195: 39470.87 | M195: 41974.84 | N195: 56611.18 | O195: 54195.28 | P195: 51558.88 | Q195: =J195-I195 -> -13492.456
A196: =IFERROR(VLOOKUP(RIGHT(E196,3)+0,[1]SchLocTable!$A$2:$B$47,2,FALSE)," ") -> Tisdale | B196: =VLOOKUP(VALUE(D196),$D$3:F$106,3,FALSE) -> Principals | C196: 01 | D196: 800 | E196: 01800822 | F196: LONGEVITY PAY | H196: 51140 | I196: 2700 | J196: 0 | K196: 2700 | L196: 2700 | M196: 2600 | N196: 1300 | O196: 1300 | P196: 1300 | Q196: =J196-I196 -> -2700
...

Sheet SchLocTable
A1: Loc Code | B1: Location
A2: 801 | B2: Barnum
A3: 802 | B3: Beardsley
A4: 803 | B4: Black Rock
A5: 804 | B5: Bryant
A6: 805 | B6: Columbus
A7: 807 | B7: Edison
A8: 808 | B8: Physical Science HS
A9: 810 | B9: Marin
A10: 811 | B10: Hall
A11: 812 | B11: Hallen
A12: 813 | B12: Hooker
A13: 814 | B13: Batalla
... A47: 988 | B47: CSA Annex
